 Dungeon Crawl Stone Soup version 0.19.5 (webtiles) character file.

201 bobbobbob the Caller (level 5, -3/35 HPs)
             Began as a Vampire Summoner on Apr 23, 2017.
             Slain by a bullfrog zombie (5 damage)
             ... on level 5 of the Dungeon.
             The game lasted 00:30:07 (4696 turns).

bobbobbob the Caller (Vampire Summoner)             Turns: 4696, Time: 00:30:08

Health: -3/35      AC:  2    Str:  7    XL:     5   Next: 50%
Magic:  2/10       EV: 13    Int: 18    God:
Gold:   186        SH:  0    Dex: 15    Spells: 2 memorised, 8 levels left

rFire  . . .     SeeInvis +     (no weapon)
rCold  . . .     Gourm    .     a - +0 robe
rNeg   + . .     Faith    .     (no shield)
rPois  .         Spirit   .     (no helmet)
rElec  .         Reflect  .     (no cloak)
rCorr  .         Harm     .     (no gloves)
MR     .....                    (no boots)
Stlth  ++........               (no amulet)
                                (no ring)
                                (no ring)

@: no status effects
A: fangs 3, see invisible, unbreathing
a: Bat Form


You were on level 5 of the Dungeon.
You were not thirsty.

You visited 1 branch of the dungeon, and saw 5 of its levels.

You collected 186 gold pieces.

Inventory:

Armour
 a - a +0 robe (worn)
Jewellery
 j - a +4 ring of dexterity {unknown}
Wands
 o - a wand of flame (34/48)
 r - a wand of flame (23/48)
Scrolls
 d - a scroll of teleportation {unknown}
 e - 2 scrolls of immolation {unknown}
 f - 13 scrolls of identify {unknown}
 i - 3 scrolls of fog {unknown}
 k - 4 scrolls of remove curse {unknown}
 l - 2 scrolls of fear {unknown}
 n - a scroll of noise {unknown}
 p - 2 scrolls of blinking {unknown}
Potions
 c - 7 potions of blood
 g - a potion of resistance {unknown}
 h - a potion of degeneration {unknown}
 m - 2 potions of invisibility {unknown}
 q - a potion of magic {unknown}
Books
 b - a book of Callings

   Spells                             Type                      Level
   a - Summon Small Mammal            Summoning                    1
   b - Call Imp                       Summoning                    2
   c - Call Canine Familiar           Summoning                    3
   d - Summon Guardian Golem          Hexes/Summoning              3
   e - Summon Lightning Spire         Summoning/Air                4
   f - Summon Ice Beast               Ice/Summoning                4


   Skills:
 + Level 0.1 Fighting
 + Level 2.5 Dodging
 + Level 3.2 Stealth
 + Level 3.8 Spellcasting
 + Level 5.5 Summonings


You had 8 spell levels left.
You knew the following spells:

 Your Spells              Type           Power        Failure   Level  Hunger
a - Summon Small Mammal   Summ           ###.         1%          1    None
b - Call Imp              Summ           ###.....     2%          2    ##.....


Dungeon Overview and Level Annotations

Branches:
Dungeon (5/15)             Temple (0/1) D:4

Altars:
Kikubaaqudgha
Makhleb


Innate Abilities, Weirdness & Mutations

You have razor-sharp teeth.
You have supernaturally acute eyesight. (SInv)
You can survive without breathing.


Message History

There is a stone staircase leading up here.
The bullfrog zombie hits your white imp.
The orc wizard hits you but does no damage.
Your white imp hits the bullfrog zombie.
Your white imp freezes the bullfrog zombie.
The bullfrog zombie resists.
The orc wizard hits you but does no damage.
The worker ant zombie closely misses you.
The bullfrog zombie hits your white imp but does no damage.
You climb upwards.
There is a stone staircase leading down here.
The orc wizard hits you but does no damage.
The orc wizard barely misses you.
The orc wizard mumbles some strange words.
The orc wizard blinks!
You climb downwards.
Your white imp disappears in a puff of smoke!
Your crimson imp disappears in a puff of smoke!
The bullfrog zombie hits you.
You die...

###.........###########
##.........#.........#
###.................#
...................########
#####............#.........#
....#....................
.##.....#..####.....>...
#.##....o..(.......... ..
#...§.@)#.#...#.#####
#..(.ZZ.#r..........#
......##...............##<
....#..§....#...(.........
#...>##........#.##.#.####
##........#....#.# .# #
........#.#.)#.##.#
#........#....(§.#.#
.PP........#..#.#


You could see an orc wizard, a bullfrog zombie and a worker ant zombie.

Vanquished Creatures (collateral kills)
  A centaur zombie (D:5)
  An orc priest (D:4)
  An iguana (D:4)
  A bullfrog skeleton (D:4)
  An iron imp (D:4)
  2 orc wizards (D:4)
  6 adders
  An ooze (D:3)
  4 worms
  3 dart slugs
  2 leopard geckos
  9 orcs
  2 ball pythons
  7 giant cockroaches
  5 goblins
  11 hobgoblins
  3 jackals (D:4)
  9 kobolds
  5 bats
  3 frilled lizards
  A jackal skeleton (D:4)
  15 rats
93 creatures vanquished.

Notes
Turn   | Place    | Note
-------+----------+-------------------------------------------
     0 | D:1      | bobbobbob the Vampire Summoner began the quest for the Orb.
     0 | D:1      | Reached XP level 1. HP: 13/13 MP: 3/3
   198 | D:1      | Reached XP level 2. HP: 19/19 MP: 1/5
   925 | D:2      | Reached XP level 3. HP: 13/24 MP: 0/6
  1306 | D:2      | Learned a level 2 spell: Call Imp
  1319 | D:2      | Found an ancient bone altar of Kikubaaqudgha.
  1988 | D:2      | Reached skill level 5 in Summonings
  2665 | D:3      | Reached XP level 4. HP: 29/30 MP: 3/8
  3561 | D:4      | Found a staircase to the Ecumenical Temple.
  3661 | D:4      | Found a burning altar of Makhleb.
  3680 | D:4      | Reached XP level 5. HP: 35/35 MP: 6/10
  4428 | D:5      | Entered Level 5 of the Dungeon
  4696 | D:5      | Slain by a bullfrog zombie

Skill      XL: |  1  2  3  4 |
---------------+-------------+-----
Summonings     | 5 |  5.5
Spellcasting   | 3 |  3.8
Fighting       | |  0.1
Dodging        | |  2.5
Stealth        | |  3.2

Action                   |  1- 3 |  4- 6 || total
-------------------------+-------+-------++-------
Melee: Unarmed           |     1 |       ||     1
 Cast: Summon Small Mamm |   141 |    24 ||   165
       Call Imp          |     2 |    46 ||    48
  Use: Potion            |     7 |     8 ||    15
Armor: Robe              |       |     6 ||     6
Dodge: Dodged            |    50 |    26 ||    76
